 Dungeon Crawl Stone Soup version 0.30-b1-2-g02819fbbbe (webtiles) character file.

Game seed: 14081820412743001357

6111 MisterFreud the Martial Artist (level 10, -19/88 HPs)
             Began as a Pale Draconian Transmuter on May 25, 2023.
             Was a Follower of Yredelemnul.
             Killed from afar by an efreet (35 damage)
             ... with a bolt of fire
             ... on level 9 of the Dungeon.
             The game lasted 00:13:47 (7705 turns).

MisterFreud the Martial Artist (DrTm)               Turns: 7705, Time: 00:13:47

Health: -19/88     AC:  6    Str: 12    XL:     10   Next: 58%
Magic:  6/14       EV: 24    Int: 16    God:    Yredelemnul [*.....]
Gold:   557        SH:  0    Dex: 19    Spells: 6/13 levels left

rFire   . .          .
                       - Unarmed
rCold   . . .        (shield currently unavailable)
rNeg    . . .        (body armour unavailable)
rPois   x            (helmet currently unavailable)
rElec   .            (cloak currently unavailable)
rCorr   .            (gloves currently unavailable)
SInv    .            d - melded +1 pair of boots
Will    .....        m - amulet of regeneration
Stlth   ++           p - +4 ring of protection
HPRegen 1.14/turn    (no ring)
MPRegen 0.14/turn

%: no passive effects
@: about to teleport, short of breath, spider-form, studying Hexes
A: venomous fangs, (breathe steam), AC +7, tiny, unfitting armour,
(cold-blooded), (steam resistance)
a: End Transformation, Renounce Religion, Recall Undead Harvest


You were on level 9 of the Dungeon.
You worshipped Yredelemnul.
Yredelemnul was noncommittal.
You were a venomous arachnid creature.
You visited 2 branches of the dungeon, and saw 10 of its levels.

You collected 635 gold pieces.
You spent 78 gold pieces at shops.

Inventory:

Missiles
 h - 4 throwing nets
Armour
 d - a +1 pair of boots (melded)
Jewellery
 m - an amulet of regeneration (around neck)
 o - an amulet of reflection
 p - a +4 ring of protection (left front pincers)
Wands
 i - a wand of roots (7)
 r - a wand of quicksilver (1)
Scrolls
 c - 5 scrolls of fog
 g - a scroll of silence {unknown}
 k - 2 scrolls of poison
 l - 3 scrolls of identify
 n - a scroll of teleportation
 t - a scroll of brand weapon {unknown}
 x - a scroll of blinking {unknown}
Potions
 a - 4 potions of lignification
 e - a potion of ambrosia
 f - 3 potions of attraction
 j - a potion of cancellation
 q - a potion of brilliance {unknown}
 s - a potion of mutation {unknown}
 v - 2 potions of might {unknown}
 w - a potion of invisibility {unknown}
 z - a potion of haste {unknown}


   Skills:
 + Level 7.6 Fighting
 - Level 6.0 Dodging
 + Level 8.5 Unarmed Combat
 - Level 2.0 Spellcasting
 - Level 8.0 Transmutations
 - Level 4.0 Ice Magic
 - Level 6.0 Invocations


You had 6 spell levels left.
You knew the following spells:

 Your Spells              Type           Power      Damage    Failure   Level
a - Spider Form           Tmut/Pois      14%        N/A       28%         3
b - Ice Form              Ice/Tmut       20%        N/A       36%         4

Your spell library contained the following spells:

 Spells                   Type           Power      Damage    Failure   Level
 Beastly Appendage        Tmut           54%        N/A       4%          1
 Wereblood                Tmut           27%        N/A       5%          2
 Ozocubu's Armour         Ice            14%        N/A       28%         3
 Summon Ice Beast         Ice/Summ       8%         N/A       83%         4
 Summon Mana Viper        Hex/Summ       1%         N/A       100%        5
 Monstrous Menagerie      Summ           0%         N/A       100%        7
 Ozocubu's Refrigeration  Ice            7%         4d9       100%        7
 Borgnjor's Revivificati  Necr           0%         N/A       100%        8
 Necromutation            Tmut/Necr      7%         N/A       100%        8
 Death's Door             Necr           0%         N/A       100%        9


Dungeon Overview and Level Annotations

Branches:
Dungeon (9/15)             Temple (1/1) D:6
   Lair: D:8-11         Orc: D:9-12

Altars:
Ashenzari
Cheibriados
Dithmenos
Elyvilon
Fedhas
Gozag
Makhleb
Nemelex Xobeh
Okawaru
Qazlal
Ru
Uskayaw
Wu Jian
Yredelemnul
Zin
The Shining One

Shops:
D:4 ?

Annotations:
D:7 2 transporters


Innate Abilities, Weirdness & Mutations

You are a venomous arachnid creature.
You have venomous fangs.
You are tiny and dextrous.
Your spellcasting is less reliable in this form.
Your armour is entirely melded.
You are incapable of wielding weapons or throwing items.
((You can breathe blasts of scalding, opaque steam.))
((Your pale cyan-grey scales are hard. (AC +7)))
You cannot fit into any form of body armour.
((You are cold-blooded and may be slowed by cold attacks.))
((You are immune to the effects of steam.))


Message History

You hear a shout!
Unknown command.
Casting: Ice Form (dangerous; 17% risk of failure)
Confirm with . or Enter, or press ? or * to list all spells.
You turn into a venomous arachnid creature.
Your +1 pair of boots melds into your body.
The efreet closely misses you. The efreet gestures at you.
The bolt of fire hits you!!
Your kobold brigand zombie hits the efreet but does no damage.
You hit the efreet.
The efreet is moderately wounded.
The efreet barely misses you. The efreet gestures at you.
The bolt of fire hits you!!
* * * LOW HITPOINT WARNING * * *
Your kobold brigand zombie hits the efreet.
Unknown command.
Unknown command.
Okay, then.
Unknown command.
You feel much better. The efreet completely misses you.
The efreet hits you with a +1 scimitar of flaming!
* * * LOW HITPOINT WARNING * * *
The efreet burns you.
* * * LOW HITPOINT WARNING * * *
As you read the scroll of teleportation, it crumbles to dust.
You feel strangely unstable. The efreet completely misses you.
The efreet gestures at you. The bolt of fire hits you!
* * * LOW HITPOINT WARNING * * *
Unknown command.
Unknown command.
You feel better. The efreet closely misses you. The efreet misses you.
Your shadow wraith closely misses the efreet.
The efreet barely misses you. The efreet gestures at you.
The bolt of fire hits you!!
You die...
Your body rises from the dead as a mindless zombie.

##.## ##.#.##
##..##.###
##.#..##.ZZ
##.###..##.Z
##Z##.##..##Z
##.##...##..##
#####Z##..#..##..#
##s.WZ##..###..##..
#.R#R##..##}##..##.
#.#.##..##).....)##
#.##.##..##..##)##.
#. ##.##..##..###..
#. ##.##..##..#..#
#. ##.##..##...##
#. ##.##..##.##.
##☼##.?###.#


You could see 2 efreet, a friendly shadow wraith (summoned, invisible), a
friendly acid dragon zombie and a friendly kobold brigand zombie.

Vanquished Creatures
  A two-headed ogre (D:8)
  Pikel (D:4)
  An ugly thing (D:8)
  A komodo dragon (D:5)
  A troll (D:8)
  2 wyverns (D:9)
  A wraith (D:5)
  3 acid dragons
  A water moccasin (D:7)
  An orc warrior (D:9)
  A sky beast (D:7)
  3 ogres
  An ice beast (D:5)
  4 centaurs
  3 phantoms
  4 kobold brigands
  A bullfrog (D:8)
  A wyvern zombie (D:9)
  A gnoll sergeant (D:6)
  6 scorpions
  A howler monkey (D:9)
  2 hounds (D:5)
  2 jellies
  2 gnoll boudas
  A centaur skeleton (D:3)
  A sleepcap (D:5)
  8 iguanas
  Terence (D:3)
  4 orc wizards
  19 gnolls
  7 adders
  3 shadow imps
  An adder skeleton (D:3)
  3 worms
  A dart slug (D:2)
  16 orcs
  7 ball pythons
  7 endoplasms
  4 giant cockroaches
  17 goblins
  3 hobgoblins
  2 jackals (D:5)
  17 kobolds
  5 bats
  A frilled lizard (D:1)
  2 kobold zombies (D:9)
  6 rats
181 creatures vanquished.

Vanquished Creatures (collateral kills)
  A wyvern (D:7)
  A steam dragon (D:9)
  An acid dragon (D:9)
  A water moccasin (D:8)
  2 orc wizards
  A gnoll (D:8)
  An orc (D:9)
  10 kobolds
18 creatures vanquished.

Vanquished Creatures (others)
  A bullfrog zombie (D:8)
  An acid dragon zombie (D:8)
  4 orc zombies (D:9)
  A spectral shadow imp (D:8)
  2 gnoll zombies (D:8)
  7 kobold zombies (D:9)
  A plant (D:8)
  A withered plant (D:3)
18 creatures vanquished.

Grand Total: 217 creatures vanquished

Notes
Turn   | Place    | Note
-------+----------+-------------------------------------------
     0 | D:1      | MisterFreud the Draconian Transmuter began the quest for
                  | the Orb.
     0 | D:1      | Reached XP level 1. HP: 16/16 MP: 3/3
   165 | D:1      | Reached XP level 2. HP: 23/23 MP: 5/5
   406 | D:1      | Found a faded altar of an unknown god.
   693 | D:2      | Reached XP level 3. HP: 27/28 MP: 6/6
   703 | D:2      | Learned a level 3 spell: Spider Form
   987 | D:3      | Noticed Terence
   997 | D:3      | Killed Terence
   998 | D:3      | Reached XP level 4. HP: 35/35 MP: 0/7
  1165 | D:3      | Found a blossoming altar of Fedhas.
  1331 | D:3      | Reached skill level 5 in Transmutations
  1412 | D:2      | Reached XP level 5. HP: 7/40 MP: 4/8
  2200 | D:4      | Noticed a phantom
  2213 | D:4      | Killed a phantom
  2214 | D:4      | Reached XP level 6. HP: 26/51 MP: 6/9
  2656 | D:4      | Noticed Pikel
  2687 | D:4      | Killed Pikel
  2688 | D:4      | Your scales start taking on a pale cyan-grey colour.
  2688 | D:4      | Reached XP level 7. HP: 19/59 MP: 8/10
  2688 | D:4      | Gained mutation: You are immune to the effects of steam.
                  | [Pale Draconian growth]
  3068 | D:4      | Found Wuowufar's Magic Scroll Emporium.
  3077 | D:4      | Bought a scroll of teleportation for 39 gold pieces
  3077 | D:4      | Bought a scroll of teleportation for 39 gold pieces
  3197 | D:4      | Reached XP level 8. HP: 47/66 MP: 11/11
  3311 | D:5      | Entered Level 5 of the Dungeon
  3315 | D:5      | Found an iron altar of Okawaru.
  3360 | D:5      | Reached skill level 5 in Dodging
  3446 | D:5      | Found a broken altar of Ashenzari.
  3548 | D:5      | Learned a level 4 spell: Ice Form
  3770 | D:5      | Reached skill level 1 in Ice Magic
  3856 | D:5      | Noticed a komodo dragon
  3875 | D:5      | Killed a komodo dragon
  3949 | D:5      | Reached XP level 9. HP: 53/71 MP: 8/12
  4152 | D:5      | Found a glowing silver altar of Zin.
  4152 | D:5      | Noticed an angel
  4228 | D:5      | Found an opulent altar of Gozag.
  4228 | D:5      | Found a sparkling altar of Nemelex Xobeh.
  4528 | D:6      | Found a stormy altar of Qazlal.
  4647 | D:6      | Found a glowing golden altar of the Shining One.
  4727 | D:6      | Found a burning altar of Makhleb.
  4814 | D:6      | Found a staircase to the Ecumenical Temple.
  4830 | Temple   | Entered the Ecumenical Temple
  4878 | Temple   | Became a worshipper of Yredelemnul the Dark
  4897 | D:6      | Found a sacrificial altar of Ru.
  5124 | D:6      | Reached skill level 1 in Invocations
  5133 | D:6      | Reached * piety under Yredelemnul
  5178 | D:7      | Found a transporter.
  5240 | D:7      | You fall into a shaft and drop 1 floor!
  5317 | D:8      | Noticed a troll
  5327 | D:8      | Killed a troll
  5328 | D:8      | Reached skill level 5 in Invocations
  5375 | D:8      | Noticed a green ugly thing
  5394 | D:8      | Killed a green ugly thing
  5394 | D:8      | Reached ** piety under Yredelemnul
  5553 | D:8      | Found a snail-covered altar of Cheibriados.
  5665 | D:8      | Noticed a two-headed ogre
  5674 | D:8      | Killed a two-headed ogre
  5674 | D:8      | Reached *** piety under Yredelemnul
  5675 | D:8      | Reached skill level 5 in Fighting
  5675 | D:8      | Reached XP level 10. HP: 56/83 MP: 9/14
  5950 | D:8      | Found a shadowy altar of Dithmenos.
  6001 | D:8      | Reached **** piety under Yredelemnul
  6537 | D:7      | Found a transporter.
  7705 | D:9      | Killed from afar by an efreet

Illustrated notes

Levels and vault maps discovered:
D:1:      matt_arrival_los_fun, layout_basic, basic_ecumenical_altar
D:2:      layout_rooms, minivault_26
D:3:      layout_loops_ring, mainiacjoe_overflow_surrounded_room, serial_undead,
          serial_undead_f, serial_undead_d, serial_undead_b, serial_undead_e,
          kennysheep_generic_room_15, uniq_terence
D:4:      layout_loops_ring, serial_shops, nicolae_shop_behind_doors, uniq_pikel
D:5:      layout_cave_pools, grunt_temple_overflow_opulence, ashenzari_altar_1,
          zin_angel, okawaru_metal_pillars_1_2, grunt_decor_resistance,
          minivault_25, minmay_manual_moon
D:6:      layout_loops_ring, mainiacjoe_overflow_boulevard,
          mainiacjoe_overflow_chevrons, amcnicky_altar_gilded,
          mainiacjoe_overflow_small_starburst, minmay_temple_entry_offerings,
          minmay_ogre_servants
D:7:      gammafunk_wand_slinger, layout_basic, nicolae_overflow_hidden_temple,
          minmay_misc_feat_tiny
D:8:      minmay_distorted_concentric_squares, layout_cave_pods, slow_altar_1,
          kennysheep_mini, serial_bayou_pond_e, roderic_roman_lattice
D:9:      layout_gridville, david_lair_shrubbed, minmay_diamond_spiral
Temple:   nicolae_temple_great_sept

Skill      XL: |  1  2  3  4  5  6  7  8  9 10 |
---------------+-------------------------------+-----
Transmutations | 3 4 5 6 8 |  8.0
Fighting       | 3 4 5 7 |  7.6
Unarmed Combat | 4 6 7 8 |  8.5
Dodging        | 3 4 6 |  6.0
Ice Magic      | 4 |  4.0
Invocations    | 6 |  6.0
Spellcasting   | |  2.0

Action                     |  1- 3 |  4- 6 |  7- 9 | 10-12 || total
---------------------------+-------+-------+-------+-------++-------
  Melee: Unarmed           |   129 |   154 |   222 |    85 ||   590
         Kick              |     2 |       |       |       ||     2
         Headbutt          |     2 |       |       |       ||     2
         Tailslap          |    12 |    13 |    17 |     4 ||    46
         Punch             |       |     2 |     1 |     1 ||     4
   Cast: Beastly Appendage |     1 |       |       |       ||     1
         Spider Form       |     1 |     8 |     5 |     3 ||    17
         Ice Form          |       |       |     4 |     5 ||     9
 Invoke: Dark Bargain      |       |       |       |     2 ||     2
Ability: Breathe Steam     |       |       |    17 |     7 ||    24
         End Transformatio |       |       |     1 |       ||     1
    Use: Scroll            |     2 |     2 |     8 |     1 ||    13
         Potion            |       |     1 |     3 |     2 ||     6
   Stab: Sleeping          |     3 |       |       |       ||     3
         Distracted        |       |       |     1 |       ||     1
 Armour: Skin              |    41 |    31 |    55 |    47 ||   174
  Dodge: Dodged            |   103 |   122 |   150 |    60 ||   435
  Block: Other             |       |       |    13 |     1 ||    14
